 Dungeon Crawl Stone Soup version 0.31-a0-702-gf82c85558f (webtiles) character file.

Game seed: 17213512736032995610

157 qw the Shooter (level 5, -9/32 HPs)
             Began as a Gargoyle Hunter on Sept 8, 2023.
             Killed by divine providence
             ... invoked by an orc priest
              (13 damage)
             ... on level 4 of the Dungeon.
             The game lasted 00:00:54 (2086 turns).

qw the Shooter (Gargoyle Hunter)                    Turns: 2086, Time: 00:00:55

Health: -9/32      AC: 17    Str: 14    XL:     5   Next: 38%
Magic:  5/5        EV: 11    Int: 10    God:
Gold:   52         SH:  0    Dex: 15    Spells: 4/4 levels left

rFire   . . .        Y - +1 orcbow
rCold   + + .        (shield currently unavailable)
rNeg    + . .        h - +1 ring mail of Pesezabb {rC+}
rPois   inf          (no helmet)
rElec   +            (no cloak)
rCorr   .            c - +2 pair of gloves {Stlth+}
SInv    .            (no boots)
Will    .....        (no amulet)
Stlth   ++           n - +4 ring of protection
HPRegen 0.25/turn    i - ring of protection from cold
MPRegen 0.09/turn

%: no passive effects
@: no status effects
A: sickness immunity, AC +4, negative energy resistance 1, electricity
resistance, torment resistance 1, petrification resistance
a: no special abilities


You were on level 4 of the Dungeon.
You visited 1 branch of the dungeon, and saw 4 of its levels.

You collected 153 gold pieces.
You spent 101 gold pieces at shops.


Innate Abilities, Weirdness & Mutations

You are immune to sickness and miasma.
Your stone body is resilient. (AC +4)
You are immune to poison.
You resist negative energy. (rN+)
You are resistant to electric shocks. (rElec)
You are resistant to unholy torment.
You are immune to petrification.


   Skills:
 + Level 3.0 Fighting
 - Level 6.0 Ranged Weapons
 - Level 1.3 Armour
 - Level 1.5 Dodging
 - Level 1.1 Stealth


You had 4 spell levels left.
You didn't know any spells.
Your spell library was empty.

Inventory:

Hand Weapons
 Y - a +1 orcbow (weapon)
Armour
 c - a +2 pair of gloves of stealth (worn)
 h - the +1 ring mail of Pesezabb (worn) {rC+}
   (You found it on level 2 of the Dungeon)

   rC+:       It protects you from cold.
 k - the +1 pair of boots of Noeklou {Harm rElec rCorr}
   (You found it on level 3 of the Dungeon)

   rElec:     It insulates you from electricity.
   rCorr:     It protects you from acid and corrosion.
   Harm:      It increases damage dealt and taken.
Jewellery
 i - a ring of protection from cold (right hand)
 j - a ring of resist corrosion
 n - a +4 ring of protection (left hand)
Scrolls
 g - a scroll of identify
Potions
 a - a potion of enlightenment
 b - a potion of heal wounds {unknown}
 d - a potion of curing
 e - a potion of mutation {unknown}
 f - a potion of might {unknown}
 l - a potion of attraction {unknown}
 m - a potion of berserk rage {unknown}

Dungeon Overview and Level Annotations

Branches:
Dungeon (4/15)
 Temple: D:4-7

Altars:

Shops:
D:2 [(([[


Message History

The orc wizard gestures wildly while chanting.
The orc wizard flickers and vanishes!
You shoot an arrow. The arrow hits the ball python!
You kill the ball python!
You shoot an arrow. The arrow barely misses the orc.
An orc comes into view. It is wielding a +0 dagger.
You shoot an arrow.
The arrow hits the orc but does no damage.
The orc barely misses you.
An orc comes into view. It is wielding a +0 club.
You shoot an arrow. Something hits you but does no damage.
You shoot an arrow.
You hear a shout!
Something hits you but does no damage.
The orc priest mumbles some strange prayers to Beogh against you.
Beogh smites you!
Ouch! That really hurt!
An orc wizard comes into view. It is wielding a +0 dagger.
Something hits you but does no damage.
You shoot an arrow.
The orc priest invokes the aid of Beogh against you.
Beogh smites you! Something hits you but does no damage.
You shoot an arrow.
Reactivating autopickup.
You feel a bit more experienced.
Your Ranged Weapons skill increases to level 6!
You shoot an arrow. The arrow hits the orc!
You kill the orc!
An adder comes into view.
You shoot an arrow. The arrow closely misses the orc.
The adder hisses angrily.
The arrow hits the orc but does no damage.
You shoot an arrow. The arrow hits the orc!
You kill the orc!
You shoot an arrow. The arrow hits the orc wizard.
The orc wizard is lightly wounded.
The orc priest mumbles some strange prayers to Beogh against you.
Beogh smites you!
You die...

### #.##.##.#
###.###.......#####...
.....#####.##.........
.
###........##.#####...
.o
###########(#####......
#..............
#.#.#####......
#.#.#####oo.... #
#...@o)oo....
#######...... ..### ##


You could see an orc priest, an orc wizard and 3 orcs.

Vanquished Creatures
  An orc wizard (D:4)
  6 adders
  A worm (D:2)
  3 dart slugs (D:1)
  3 orcs
  3 bats
  8 endoplasms
  3 giant cockroaches
  4 hobgoblins (D:1)
  2 jackals (D:1)
  9 kobolds
  A quokka (D:1)
  6 ball pythons
  A frilled lizard (D:1)
  8 goblins
  4 rats
63 creatures vanquished.

Notes
Turn   | Place    | Note
-------+----------+-------------------------------------------
     0 | D:1      | qw the Gargoyle Hunter began the quest for the Orb.
     0 | D:1      | Reached XP level 1. HP: 12/12 MP: 1/1
     0 | D:1      | 0 ||| qw: Version: 0.3-a-76-g4403597
     0 | D:1      | 0 ||| qw: Game counter: 1056
     0 | D:1      | 0 ||| qw: Melee chars always use a shield: true
     0 | D:1      | 0 ||| qw: God list: Okawaru
     0 | D:1      | 0 ||| qw: Allow faded altars: false
     0 | D:1      | 0 ||| qw: Do Orc after clearing Dungeon:15 true
     0 | D:1      | 0 ||| qw: Do second Lair branch before Depths: true
     0 | D:1      | 0 ||| qw: Lair rune preference: random
     0 | D:1      | 0 ||| qw: Goals: Normal
     0 | D:1      | 0 ||| PLANNING D:1-11
    23 | D:1      | 23 ||| DROPPING scroll of butterflies.
    46 | D:1      | Reached XP level 2. HP: 15/17 MP: 2/2
   486 | D:1      | Reached XP level 3. HP: 21/21 MP: 3/3
   494 | D:1      | Reached skill level 5 in Ranged Weapons
   817 | D:1      | 817 ||| UPGRADING to ring of resist corrosion.
   818 | D:1      | 818 ||| READING scroll labelled COETYRU EWAUCH.
   819 | D:1      | 819 ||| READING scroll labelled TUGHAJ DIHEYKA.
   831 | D:2      | Found a faded altar of an unknown god.
   837 | D:2      | 837 ||| Stepping ~*~*~tactically~*~*~ (outnumbered).
   839 | D:2      | 839 ||| Stepping ~*~*~tactically~*~*~ (outnumbered).
   848 | D:2      | Reached skill level 3 in Fighting
   896 | D:2      | Reached XP level 4. HP: 27/28 MP: 4/4
   950 | D:2      | Found Pufofor's Antique Armour Emporium.
   970 | D:2      | Identified the +1 ring mail of Pesezabb {rC+}
  1102 | D:2      | Found Fead's Antique Armour Shop.
  1110 | D:2      | 1110 ||| SHOPLISTING dyed leather armour (165 gold, have
                  | 107).
  1110 | D:2      | 1110 ||| SHOPLISTING glowing robe (122 gold, have 107).
  1110 | D:2      | 1110 ||| SHOPLISTING pair of embroidered gloves (247 gold,
                  | have 107).
  1168 | D:2      | Found Qagha's Antique Weapon Boutique.
  1171 | D:2      | 1171 ||| BUYING orcbow (101 gold).
  1171 | D:2      | Bought an orcbow for 101 gold pieces
  1171 | D:2      | 1171 ||| SWAPPING to +0 orcbow.
  1172 | D:2      | 1172 ||| DROPPING +0 shortbow.
  1216 | D:2      | Found Cihuliw's Antique Weapon Shop.
  1219 | D:2      | 1219 ||| SHOPLISTING ancient arbalest (171 gold, have 6).
  1219 | D:2      | 1219 ||| SHOPLISTING runed orcbow (117 gold, have 6).
  1273 | D:2      | Found Buefio's Armour Boutique.
  1281 | D:2      | 1281 ||| SHOPLISTING +4 ring mail of fire resistance (403
                  | gold, have 18).
  1334 | D:2      | 1334 ||| UPGRADING to +1 ring mail of Pesezabb {rC+}.
  1344 | D:2      | 1344 ||| DROPPING +0 leather armour.
  1345 | D:2      | 1345 ||| UPGRADING to ring of protection from cold.
  1346 | D:2      | 1346 ||| READING scroll labelled EDDASHIASU.
  1346 | D:2      | Identified a scroll of acquirement
  1346 | D:2      | 1346 ||| ACQUIRING +2 pair of gloves of stealth
  1346 | D:2      | Acquired a +2 pair of gloves of stealth
  1348 | D:2      | 1348 ||| UPGRADING to +2 pair of gloves of stealth.
  1353 | D:2      | 1353 ||| READING scroll labelled TAWU TESTEQ.
  1354 | D:2      | 1354 ||| READING scroll labelled VIADGH INANKOB.
  1516 | D:3      | Identified the +1 pair of boots of Noeklou {Harm rElec
                  | rCorr}
  1684 | D:3      | Reached skill level 1 in Armour
  1684 | D:3      | Reached XP level 5. HP: 32/32 MP: 5/5
  1979 | D:3      | 1979 ||| UPGRADING to +4 ring of protection.
  1981 | D:3      | 1981 ||| READING scroll labelled ZUVYEGRU XUENU.
  1982 | D:3      | 1982 ||| READING 3 scrolls of identify.
  1982 | D:3      | 1982 ||| IDENTIFYING bubbling red potion
  1983 | D:3      | 1983 ||| READING 2 scrolls of identify.
  1983 | D:3      | 1983 ||| IDENTIFYING coppery potion
  2071 | D:4      | 2071 ||| Stepping ~*~*~tactically~*~*~ (outnumbered).
  2081 | D:4      | HP: 2/32 [orc priest/divine providence (13)]
  2083 | D:4      | Reached skill level 6 in Ranged Weapons
  2086 | D:4      | Killed from afar by an orc priest

Levels and vault maps discovered:
D:1:      scummos_arrival_forest, layout_loops_corners, minmay_3d_cube
D:2:      layout_rooms, nicolae_ecumenical_pavilion, serial_shops,
          nicolae_shop_behind_doors, shop, shop, nicolae_shop_real_fake_doors,
          nicolae_shop_crystal
D:3:      layout_loops_cross, dreamdust_princess_corridor
D:4:      layout_loops_cross

Skill      XL: |  1  2  3  4  5 |
---------------+----------------+-----
Ranged Weapons | 5 6 |  6.0
Fighting       | 3 |  3.0
Armour         | 1 |  1.3
Dodging        | |  1.5
Stealth        | |  1.1

Action                     |  1- 3 |  4- 6 || total
---------------------------+-------+-------++-------
   Fire: Shortbow          |   134 |    34 ||   168
         Orcbow            |       |    39 ||    39
    Use: Scroll            |     2 |     6 ||     8
 Armour: Leather armour    |    56 |     9 ||    65
         Ring mail         |       |     6 ||     6
  Dodge: Dodged            |    63 |     9 ||    72

Table legend:
 A = Non-vault XP
 B = Vault XP
 C = Vault XP percentage of total XP
 D = Non-vault monster count
 E = Vault monster count
 F = Vault count percentage of total count
                 A         B        C        D         E       F
            +---------+---------+-------+---------+---------+-------
      Total |     219 |       6 |   2.7 |      59 |       4 |   6.3
            +---------+---------+-------+---------+---------+-------
        D:1 |      51 |       6 |  10.5 |      26 |       4 |  13.3
        D:2 |      86 |       0 |   0.0 |      14 |       0 |   0.0
        D:3 |      38 |       0 |   0.0 |      15 |       0 |   0.0
        D:4 |      44 |       0 |   0.0 |       4 |       0 |   0.0
            +---------+---------+-------+---------+---------+-------
